Match 33068883
Unlisted

Match 33068883
End
Kradschützen Motorcycle Team
Selects Italian Infantry
Panzergrenadier Squad
Panzergrenadier Squad
Construct Light Support Kompanie
MG34 Team
Fire Support Elements
le.IG 18 Mechanized Group
Flakvierling Half-track
Pak 38 Anti-tank Gun Team
Selects Guastatori Squad
Guastatori Squad
2.5-tonne Medical Truck
Vehicle Survival Package
le.IG 18 Mechanized Group
Construct Panzerarmee Kommand
Selects Registered Artillery
Selects Defensive Operations
Registered Artillery
Emergency Repair Kits
2.5-tonne Medical Truck
Armored Reserves
Registered Artillery
Walking Stuka Rocket Launcher
Macca
Korean of Heroes
Bruistablet
Professor gibberish
0
0

Comments sign in to comment!

No comments posted yet!